 Dungeon Crawl Stone Soup version 0.30-a0-1112-gfb780f5df6 (webtiles) character file.

Game seed: 9977631958453051271

94 retardedninja the Firebug (level 4, 0/32 HPs)
             Began as a Gnoll Fire Elementalist on Apr 19, 2023.
             Slain by a hobgoblin (4 damage)
             ... led by Robin
             ... on level 3 of the Dungeon.
             The game lasted 00:02:23 (2194 turns).

retardedninja the Firebug (Gnoll Fire Elementalist) Turns: 2194, Time: 00:02:23

Health: 0/32       AC:  2    Str:  7    XL:     4   Next: 63%
Magic:  0/11       EV: 13    Int: 22    God:
Gold:   117        SH:  0    Dex: 13    Spells: 10/13 levels left

rFire   . . .      SeeInvis .    m - +0 spear (venom)
rCold   . . .      Faith    .    (no shield)
rNeg    . . .      Spirit   .    a - +0 robe
rPois   .          Reflect  .    (no helmet)
rElec   .          Rampage  .    (no cloak)
rCorr   .                        (no gloves)
Will    .....                    (no boots)
Stlth   +++                      (no amulet)
HPRegen 0.25/turn                d - +6 ring of intelligence
MPRegen 0.12/turn                (no ring)

@: no status effects
A: fangs 1, strong nose, distributed training
a: no special abilities


You were on level 3 of the Dungeon.
You visited 1 branch of the dungeon, and saw 3 of its levels.

You collected 117 gold pieces.

Inventory:

Hand Weapons
 m - a +0 spear of venom (weapon)
Missiles
 e - 6 atropa-tipped darts
Armour
 a - a +0 robe (worn)
Jewellery
 d - a +6 ring of intelligence (left hand)
 q - an amulet of magic regeneration
Scrolls
 c - a scroll of enchant armour {unknown}
 f - 2 scrolls of teleportation {unknown}
 g - a scroll of fog {unknown}
 i - 3 scrolls of blinking {unknown}
 j - a scroll of poison {unknown}
 k - 3 scrolls of identify {unknown}
 n - a scroll of magic mapping {unknown}
 p - a scroll of fear {unknown}
 r - a scroll of vulnerability {unknown}
Potions
 b - a potion of magic
 h - a potion of resistance {unknown}
 l - 2 potions of curing {unknown}
 o - a potion of lignification {unknown}


   Skills:
 + Level 1.2 Fighting
 + Level 1.2 Short Blades
 + Level 1.2 Long Blades
 + Level 1.2 Axes
 + Level 1.2 Maces & Flails
 + Level 1.2 Polearms
 + Level 1.2 Staves
 + Level 1.2 Ranged Weapons
 + Level 1.2 Throwing
 + Level 1.2 Armour
 + Level 4.7 Dodging
 + Level 4.3 Stealth
 + Level 1.2 Shields
 + Level 1.2 Unarmed Combat
 + Level 5.1 Spellcasting
 + Level 2.3 Conjurations
 + Level 1.0 Hexes
 + Level 1.0 Summonings
 + Level 1.0 Necromancy
 + Level 1.0 Translocations
 + Level 1.0 Transmutations
 + Level 5.5 Fire Magic
 + Level 1.0 Ice Magic
 + Level 1.0 Air Magic
 + Level 1.0 Earth Magic
 + Level 1.0 Poison Magic
 + Level 1.4 Invocations
 + Level 1.2 Evocations


You had 10 spell levels left.
You knew the following spells:

 Your Spells              Type           Power      Damage    Failure   Level
a - Foxfire               Conj/Fire      88%        2x1d8     1%          1
b - Scorch                Fire           58%        2d7       1%          2

Your spell library contained the following spells:

 Spells                   Type           Power      Damage    Failure   Level
 Inner Flame              Hex/Fire       20%        N/A       8%          3
 Volatile Blastmotes      Fire/Tloc      40%        2d13      8%          3
 Flame Wave               Conj/Fire      22%        2d8       21%         4
 Summon Cactus Giant      Summ           5%         N/A       100%        6


Dungeon Overview and Level Annotations

Branches:
Dungeon (3/15)

Altars:

Annotations:
D:3 Robin


Innate Abilities, Weirdness & Mutations

You have very sharp teeth.
Your uncanny sense of smell can sniff out nearby items.
Your experience applies equally to all skills.


Message History

The goblin hits you but does no damage.
Unknown command.
Casting: Scorch (safe; 1% risk of failure)
Confirm with . or Enter, or press ? or * to list all spells.
You don't have enough magic to cast this spell.
Unknown command.
Robin hits you with a +0 club.
Items here: ))) †††.
You hit Robin.
Robin is poisoned.
Robin is lightly wounded.
Robin throws the goblin at you! The goblin hits you with a +0 club.
You hit Robin.
Robin looks as sick as possible!
Robin is lightly wounded.
The goblin hits you with a +0 club.
Robin says, "Duck!"
The goblin attacks as you move away! The goblin completely misses you.
The hobgoblin hits you. Robin throws the goblin at you!
Items here: $ )) ††.
The goblin barely misses you. Robin hits you but does no damage.
Items here: ))) †††.
You hit Robin but do no damage.
Robin looks as sick as possible!
Robin is moderately wounded.
The goblin hits you with a +0 club. The hobgoblin closely misses you.
Robin roars a battlecry!
The goblin goes into a battle-frenzy!
You hit Robin but do no damage.
Robin looks as sick as possible!
Robin is heavily wounded.
Robin closely misses you. The goblin hits you with a +0 club.
The hobgoblin hits you but does no damage.
You hit Robin.
Robin looks as sick as possible!
Robin is almost dead.
The goblin hits you with a +0 club.
* * * LOW HITPOINT WARNING * * *
Robin closely misses you. The hobgoblin hits you.
* * * LOW HITPOINT WARNING * * *
Casting: Foxfire (safe; 1% risk of failure)
Press: ? - help, Q - select action, (/) - cycle Dir - look around, f - activate You conjure some foxfire!
The goblin closely misses you. The hobgoblin hits you.
You die...

######################
!...............)....<
#....##########....
#.vv............###
#g@g.############
##g### #.# ∆ ))# #.##
#. .. .. ##.


You could see Robin (extremely poisoned, ally target), a hobgoblin (strong) and
a goblin (strong).

Vanquished Creatures
  Jessica (D:1)
  An adder (D:2)
  A worm (D:2)
  A dart slug (D:2)
  3 bats
  An endoplasm (D:1)
  13 goblins
  8 hobgoblins
  4 jackals
  2 kobolds
  3 quokkas
  3 ball pythons
  3 frilled lizards (D:1)
  3 rats
47 creatures vanquished.

Vanquished Creatures (others)
  162 foxfires
162 creatures vanquished.

Grand Total: 209 creatures vanquished

Notes
Turn   | Place    | Note
-------+----------+-------------------------------------------
     0 | D:1      | retardedninja the Gnoll Fire Elementalist began the quest
                  | for the Orb.
     0 | D:1      | Reached XP level 1. HP: 13/13 MP: 6/6
   222 | D:1      | Reached XP level 2. HP: 19/19 MP: 1/7
   988 | D:1      | Reached skill level 5 in Spellcasting
   988 | D:1      | Reached XP level 3. HP: 25/25 MP: 6/9
  1155 | D:2      | Noticed Jessica
  1169 | D:1      | Killed Jessica
  1170 | D:1      | Reached skill level 1 in Fighting
  1170 | D:1      | Reached skill level 1 in Short Blades
  1170 | D:1      | Reached skill level 1 in Long Blades
  1170 | D:1      | Reached skill level 1 in Axes
  1170 | D:1      | Reached skill level 1 in Maces & Flails
  1170 | D:1      | Reached skill level 1 in Polearms
  1170 | D:1      | Reached skill level 1 in Staves
  1170 | D:1      | Reached skill level 1 in Ranged Weapons
  1170 | D:1      | Reached skill level 1 in Throwing
  1170 | D:1      | Reached skill level 1 in Armour
  1170 | D:1      | Reached skill level 1 in Shields
  1170 | D:1      | Reached skill level 1 in Unarmed Combat
  1170 | D:1      | Reached skill level 1 in Invocations
  1170 | D:1      | Reached skill level 1 in Evocations
  1539 | D:1      | Learned a level 2 spell: Scorch
  1547 | D:2      | Reached XP level 4. HP: 32/32 MP: 9/11
  1844 | D:2      | Reached skill level 1 in Hexes
  1844 | D:2      | Reached skill level 1 in Summonings
  1844 | D:2      | Reached skill level 1 in Necromancy
  1844 | D:2      | Reached skill level 1 in Translocations
  1844 | D:2      | Reached skill level 1 in Transmutations
  1844 | D:2      | Reached skill level 1 in Ice Magic
  1844 | D:2      | Reached skill level 1 in Air Magic
  1844 | D:2      | Reached skill level 1 in Earth Magic
  1844 | D:2      | Reached skill level 1 in Poison Magic
  2168 | D:3      | Noticed Robin
  2194 | D:3      | Slain by a hobgoblin

Illustrated notes

Levels and vault maps discovered:
D:1:      amcnicky_arrival_choice, layout_rooms
D:2:      layout_rooms, uniq_jessica
D:3:      layout_rooms, overflow_temple_1_default,
          ebering_ghost_reflecting_pool, uniq_robin, uniq_ijyb

Skill      XL: |  1  2  3  4 |
---------------+-------------+-----
Conjurations   | 2 |  2.3
Spellcasting   | 5 |  5.1
Fighting       | 1 |  1.2
Short Blades   | 1 |  1.2
Long Blades    | 1 |  1.2
Axes           | 1 |  1.2
Maces & Flails | 1 |  1.2
Polearms       | 1 |  1.2
Staves         | 1 |  1.2
Ranged Weapons | 1 |  1.2
Throwing       | 1 |  1.2
Armour         | 1 |  1.2
Shields        | 1 |  1.2
Unarmed Combat | 1 |  1.2
Invocations    | 1 |  1.4
Evocations     | 1 |  1.2
Hexes          | 1 |  1.0
Summonings     | 1 |  1.0
Necromancy     | 1 |  1.0
Translocations | 1 |  1.0
Transmutations | 1 |  1.0
Ice Magic      | 1 |  1.0
Air Magic      | 1 |  1.0
Earth Magic    | 1 |  1.0
Poison Magic   | 1 |  1.0
Dodging        | |  4.7
Stealth        | |  4.3
Fire Magic     | |  5.5

Action                     |  1- 3 |  4- 6 || total
---------------------------+-------+-------++-------
  Melee: Spear             |       |     5 ||     5
   Cast: Foxfire           |    64 |    35 ||    99
         Scorch            |       |     3 ||     3
 Armour: Robe              |     5 |     8 ||    13
  Dodge: Dodged            |    14 |    13 ||    27

Table legend: (Time is in decaauts)
 A = Elapsed time spent in this place.
 B = Non-inter-level travel time spent in this place.
 C = Inter-level travel time spent in this place.
 D = Time resting spent in this place.
 E = Time spent auto-exploring this place.
 F = Levels seen in this place.
 G = Mean time per level.
                   A        B        C        D        E       F      G
               +--------+--------+--------+--------+--------+-----+--------+
         Total |   2193 |   2091 |    102 |    366 |   1424 |   3 |  731.0 |
       Dungeon |   2193 |   2091 |    102 |    366 |   1424 |   3 |  731.0 |
               +--------+--------+--------+--------+--------+-----+--------+

Top non-repeatable levels by time:
     D:1: 1525 daAuts
     D:2: 621 daAuts
     D:3: 46 daAuts
